 Dungeon Crawl Stone Soup version 0.25.1-2-g60ff931df9 (webtiles) character file.

Game seed: 7257474302478897742

2513 hehateme the Thaumaturge (level 9, -9/52 HPs)
             Began as a Kobold Summoner on Nov 14, 2020.
             Killed by refrigeration
             ... invoked by Fannar
              (17 damage)
             ... on level 10 of the Dungeon.
             The game lasted 00:39:04 (12331 turns).

hehateme the Thaumaturge (Kobold Summoner)         Turns: 12331, Time: 00:39:05

Health: -9/52      AC:  5    Str:  5    XL:     9   Next: 83%
Magic:  7/21       EV: 16    Int: 24    God:
Gold:   562        SH:  5    Dex: 17    Spells: 13/25 levels left

rFire    + . .     SeeInvis .   h - +2 dagger (venom)
rCold    . . .     Gourm    .   (shield restricted)
rNeg     . . .     Faith    .   x - +2 robe {rF+}
rPois    .         Spirit   .   o - +0 helmet
rElec    .         Reflect  +   F - scarf {repulsion}
rCorr    .         Harm     .   (no gloves)
MR       .....                  (no boots)
Stlth    +++.......             y - amulet of reflection
HPRegen  0.17/turn              (no ring)
MPRegen  0.17/turn              q - +6 ring of intelligence

@: repel missiles
A: small, carnivore
a: no special abilities


You were on level 10 of the Dungeon.
You were full.

You visited 1 branch of the dungeon, and saw 8 of its levels.

You collected 562 gold pieces.

Inventory:

Hand Weapons
 h - a +2 dagger of venom (weapon)
Armour
 a - a +0 robe
 l - a +0 robe
 o - a +0 helmet (worn)
 x - a +2 robe of fire resistance (worn)
 F - a scarf of repulsion (worn)
Jewellery
 b - an uncursed amulet of regeneration (quivered)
 f - an uncursed amulet of faith
 i - an uncursed ring of fire
 q - a +6 ring of intelligence (right hand)
 u - an uncursed amulet of magic regeneration
 y - an amulet of reflection (around neck)
 H - an uncursed ring of flight
Wands
 n - a wand of paralysis (10)
Scrolls
 e - a scroll of fog {unknown}
 g - 3 scrolls of remove curse
 m - 4 scrolls of teleportation
 r - a scroll of enchant weapon {unknown}
 s - a scroll of magic mapping
 B - a scroll of enchant armour {unknown}
 C - a scroll of holy word {unknown}
 D - a scroll of immolation {unknown}
 E - a scroll of vulnerability {unknown}
 G - a scroll of fear {unknown}
Potions
 d - a potion of heal wounds
 j - a potion of stabbing
 k - 2 potions of haste
 p - a potion of invisibility
 t - a potion of berserk rage {unknown}
 v - 5 potions of curing {unknown}
 w - 3 potions of lignification {unknown}
 z - 9 potions of degeneration
 A - a potion of flight {unknown}
Comestibles
 c - 17 rations


   Skills:
 * Level 4.6 Fighting
 + Level 1.7 Short Blades
 + Level 3.5 Dodging
 + Level 3.6 Stealth
 * Level 8.8 Spellcasting
 * Level 8.4 Summonings
 + Level 0.9 Ice Magic
 + Level 0.4 Air Magic


You had 13 spell levels left.
You knew the following spells:

 Your Spells              Type           Power        Failure   Level  Hunger
a - Summon Small Mammal   Summ           ####         1%          1    None
b - Call Canine Familiar  Summ           ######..     1%          3    None
c - Summon Ice Beast      Ice/Summ       ####....     9%          4    ##.....
d - Summon Lightning Spi  Summ/Air       ####....     10%         4    ##.....

Your spell library contained the following spells:

 Spells                   Type           Power        Failure   Level  Hunger
 Call Imp                 Summ           ######..     1%          2    None
 Summon Guardian Golem    Hex/Summ       ####....     3%          3    None
 Magic Dart               Conj           ##..         6%          1    None
 Blink                    Tloc           N/A          9%          2    None
 Slow                     Hex            ##......     9%          2    None
 Mephitic Cloud           Conj/Pois/Air  ##......     17%         3    None
 Conjure Flame            Conj/Fire      ##......     19%         3    None


Dungeon Overview and Level Annotations

Branches:
Dungeon (10/15)               Orc (0/2) D:9
 Temple: D:4-7         Lair: D:8-11

Altars:

Shops:
D:5 *   D:9 (

Annotations:
D:2 1 runed translucent door, Crazy Yiuf
D:10 Fannar


Innate Abilities, Weirdness & Mutations

You are small and have problems with some larger weapons.
You are carnivorous and can eat meat at any time.


Message History

Fannar is severely wounded.
Your ice beast hits the ice beast.
Your ice beast freezes the ice beast.
The ice beast completely resists.
Fannar casts a spell.
Fannar drains the heat from the surrounding environment!
You feel very cold.
Ouch! That really hurt!
* * * LOW HITPOINT WARNING * * *
Fannar and your lightning spire are frozen.
Fannar resists.
Your lightning spire resists.
The ice beast hits your ice beast. The ice beast freezes your ice beast.
Your ice beast completely resists.
Your ice beast hits Fannar.
Your ice beast freezes Fannar.
Fannar resists.
Your ice beast misses Fannar.
Your ice beast hits the ice beast but does no damage.
Fannar casts a spell.
Fannar drains the heat from the surrounding environment!
You feel very cold.
You die...

.........# #.. .........#
#.# ######...# #. #.#
#...# #.. #.# #...# #..
#.# #...#
#..######.########<..###
###.......................
.........@..<.............
...........##########..###
.....8.eY..# #..#
.......YY..# #..###
......Y....# #.....
...).......# ######.....
............# #........##
........†...# #..Y.....#
^...........# #..H######


You could see Fannar (icy armour, very poisoned), an ice beast (summoned), 3
friendly ice beasts and a friendly lightning spire (summoned).

Vanquished Creatures
  An orc warrior (D:9)
  A sky beast (D:5)
  A phantom (D:4)
  A centaur (D:9)
  A bullfrog (D:10)
  A centaur zombie (D:5)
  An orc priest (D:5)
  2 iguanas
  2 worker ants
  2 orc wizards
  3 adders
  A gnoll (D:4)
  A worm (D:3)
  A leopard gecko (D:2)
  2 orcs (D:9)
  2 bats
  4 giant cockroaches
  4 hobgoblins
  A jackal (D:1)
  2 kobolds (D:1)
  A quokka (D:3)
  A ball python (D:3)
  A frilled lizard (D:2)
  A rat (D:1)
  A plant (D:5)
39 creatures vanquished.

Vanquished Creatures (collateral kills)
  A two-headed ogre (D:9)
  Erica (D:10)
  A manticore (D:10)
  2 trolls (D:9)
  Eustachio (D:5)
  A black bear (D:10)
  A swamp drake (D:9)
  An ice beast (D:5)
  An orc warrior (D:9)
  A phantom (D:4)
  2 centaurs
  A bullfrog (D:4)
  A howler monkey (D:5)
  3 crimson imps
  3 hounds
  2 jellies
  3 orc priests
  6 orc wizards (D:9)
  A centaur skeleton (D:5)
  Jessica (D:2)
  A worker ant (D:9)
  A hound skeleton (D:10)
  2 gnolls (D:4)
  7 adders
  2 shadow imps (D:9)
  2 oozes (D:3)
  4 dart slugs
  3 leopard geckos
  23 orcs
  5 giant cockroaches
  9 goblins
  7 hobgoblins
  11 jackals
  2 quokkas
  3 ball pythons
  A bat (D:3)
  3 frilled lizards (D:4)
  9 kobolds
  A quokka skeleton (D:4)
  4 rats
134 creatures vanquished.

Grand Total: 173 creatures vanquished

Notes
Turn   | Place    | Note
-------+----------+-------------------------------------------
     0 | D:1      | hehateme the Kobold Summoner began the quest for the Orb.
     0 | D:1      | Reached XP level 1. HP: 10/10 MP: 3/3
   367 | D:1      | Reached XP level 2. HP: 15/15 MP: 1/5
  1697 | D:2      | Reached XP level 3. HP: 20/20 MP: 3/6
  1702 | D:2      | Learned a level 3 spell: Call Canine Familiar
  2766 | D:2      | Noticed Jessica
  2782 | D:2      | Killed Jessica
  2782 | D:2      | Reached XP level 4. HP: 24/24 MP: 4/8
  2923 | D:2      | Reached skill level 1 in Fighting
  3060 | D:2      | Found a runed translucent door.
  3061 | D:2      | Noticed Crazy Yiuf
  3696 | D:3      | Reached XP level 5. HP: 22/29 MP: 9/9
  3748 | D:3      | Reached skill level 5 in Summonings
  4307 | D:4      | Noticed a bullfrog
  4316 | D:4      | Killed a bullfrog
  4415 | D:4      | Reached XP level 6. HP: 17/34 MP: 10/12
  4656 | D:4      | Noticed a phantom
  4693 | D:4      | Killed a phantom
  4693 | D:4      | Reached skill level 1 in Short Blades
  5063 | D:4      | Noticed a phantom
  5109 | D:4      | Killed a phantom
  5592 | D:5      | Entered Level 5 of the Dungeon
  5705 | D:5      | Reached XP level 7. HP: 39/40 MP: 8/13
  6283 | D:5      | Reached skill level 5 in Spellcasting
  6398 | D:5      | Found Syunuris's Assorted Antiques.
  6538 | D:5      | Noticed Eustachio
  6556 | D:5      | Killed Eustachio
  6960 | D:5      | Reached XP level 8. HP: 43/45 MP: 9/16
  7673 | D:5      | HP: 2/46 [orc priest/divine providence (14)]
  8141 | D:6      | Learned a level 4 spell: Summon Ice Beast
  8395 | D:6      | You fall into a shaft and drop 3 floors!
  8399 | D:9      | Found a staircase to the Orcish Mines.
  9228 | D:9      | Noticed a two-headed ogre
  9237 | D:9      | Killed a two-headed ogre
  9237 | D:9      | Reached XP level 9. HP: 51/51 MP: 9/19
  9737 | D:9      | Found Hingo's Weapon Emporium.
 10015 | D:9      | Noticed a troll
 10028 | D:9      | Killed a troll
 10141 | D:9      | Noticed a troll
 10170 | D:9      | Killed a troll
 10764 | D:10     | Entered Level 10 of the Dungeon
 10783 | D:10     | Learned a level 4 spell: Summon Lightning Spire
 11202 | D:10     | Noticed a manticore
 11215 | D:10     | Killed a manticore
 11450 | D:10     | Noticed Erica
 11462 | D:10     | Killed Erica
 12141 | D:10     | Noticed a hippogriff
 12143 | D:10     | Noticed a nameless horror
 12146 | D:10     | Noticed Fannar
 12331 | D:10     | Killed from afar by Fannar

Illustrated notes

Levels and vault maps discovered:
D:1:      elethiomel_arrival_infinity_welcomes_careful_drivers, layout_basic
D:2:      layout_basic, first_ration, uniq_crazy_yiuf_cottage, uniq_jessica
D:3:      layout_basic, hangedman_decor_push
D:4:      layout_gridville, due_unseen_surprise
D:5:      layout_loops_cross, serial_shops, nicolae_shop_overgrown_old_shop,
          nrook_pool_corridor, chequers_serial_rivers_marsh, uniq_eustachio
D:6:      layout_basic, nicolae_qazlal_eye_of_the_storm
D:9:      layout_irregular_city, erik_orc_1, serial_shops, shop
D:10:     layout_small_grid, chequers_serial_rivers_micro_c, uniq_erica,
          uniq_fannar

Skill      XL: |  1  2  3  4  5  6  7  8  9 |
---------------+----------------------------+-----
Fighting       | 1 2 3 4 |  4.6
Spellcasting   | 3 4 5 7 8 |  8.8
Summonings     | 5 6 7 8 |  8.4
Dodging        | 3 |  3.5
Short Blades   | 1 |  1.7
Stealth        | 3 |  3.6
Ice Magic      | |  0.9
Air Magic      | |  0.4

Action                   |  1- 3 |  4- 6 |  7- 9 || total
-------------------------+-------+-------+-------++-------
Melee: Unarmed           |    17 |       |       ||    17
       Dagger            |    14 |   118 |   111 ||   243
 Cast: Summon Small Mamm |    77 |    27 |   103 ||   207
       Call Canine Famil |     2 |    19 |    39 ||    60
       Summon Ice Beast  |       |       |    24 ||    24
       Summon Lightning  |       |       |     6 ||     6
  Use: Scroll            |       |       |     7 ||     7
       Potion            |       |       |     1 ||     1
 Stab: Distracted        |       |     2 |     1 ||     3
  Eat: Chunk             |    15 |    11 |    19 ||    45
Armor: Robe              |    10 |    21 |    29 ||    60
Dodge: Dodged            |    35 |   109 |   115 ||   259
       Repelled          |       |       |     1 ||     1
Block: Other             |       |     6 |    41 ||    47
       Reflection        |       |       |     2 ||     2
